 Dungeon Crawl Stone Soup version 0.26.1-2-gb8aa6d0 (webtiles) character file.

Game seed: 15626275372636290229

637 Minkie the Gusty (level 7, -3/36 HPs)
             Began as a Tengu Air Elementalist on Apr 1, 2021.
             Was an Initiate of Vehumet.
             Slain by a phantom (5 damage)
             ... on level 5 of the Dungeon.
             The game lasted 00:25:01 (6012 turns).

Minkie the Gusty (Tengu Air Elementalist)           Turns: 6012, Time: 00:25:02

Health: -3/36      AC:  5    Str:  8    XL:     7   Next: 50%
Magic:  5/14       EV: 15    Int: 17    God:    Vehumet [......]
Gold:   242        SH:  0    Dex: 15    Spells: 9/15 levels left

rFire    + . .     SeeInvis .   j - +0 spear
rCold    x . .     Faith    .   (no shield)
rNeg     + . .     Spirit   .   a - +1 robe
rPois    .         Reflect  .   y - +0 hat
rElec    .         Harm     .   A - +0 cloak
rCorr    .         Rampage  .   z - +0 pair of gloves
Will     .....                  (boots unavailable)
Stlth    ++........             (no amulet)
HPRegen  0.12/turn              e - ring of fire
MPRegen  0.14/turn              v - ring of positive energy

@: flying quickly and evasively, quick
A: beak, talons 3, able to fly
a: Renounce Religion


You were on level 5 of the Dungeon.
You worshipped Vehumet.
Vehumet was noncommittal.
You visited 2 branches of the dungeon, and saw 6 of its levels.

You collected 242 gold pieces.

Inventory:

Hand Weapons
 j - a +0 spear (weapon)
Armour
 a - a +1 robe (worn)
 y - a +0 hat (worn)
 z - a +0 pair of gloves (worn)
 A - a +0 cloak (worn)
Jewellery
 e - a ring of fire (left hand)
 r - an uncursed ring of ice
 v - a ring of positive energy (right hand)
Wands
 s - a wand of polymorph (9)
Scrolls
 b - 3 scrolls of identify {unknown}
 c - 2 scrolls of enchant armour
 d - 2 scrolls of magic mapping {unknown}
 f - 2 scrolls of random uselessness {unknown}
 g - 2 scrolls of remove curse {unknown}
 h - 3 scrolls of teleportation
 i - 2 scrolls of blinking {unknown}
 l - a scroll of noise {unknown}
 m - a scroll of immolation {unknown}
 q - a scroll of enchant weapon {unknown}
Potions
 k - a potion of cancellation {unknown}
 n - 2 potions of magic {unknown}
 o - a potion of might {unknown}
 p - 4 potions of flight
 t - a potion of haste {unknown}
 u - a potion of attraction {unknown}
 w - a potion of lignification {unknown}
 x - a potion of curing {unknown}


   Skills:
 - Level 2.1 Dodging
 - Level 2.0 Stealth
 + Level 4.5 Spellcasting
 + Level 6.0 Conjurations
 + Level 7.2 Air Magic


You had 9 spell levels left.
You knew the following spells:

 Your Spells              Type           Power        Failure   Level
a - Shock                 Conj/Air       100%         1%          1
b - Lightning Bolt        Conj/Air       13%          26%         5

Your spell library contained the following spells:

 Spells                   Type           Power        Failure   Level
 Swiftness                Air            28%          1%          2
 Static Discharge         Conj/Air       26%          3%          3
 Airstrike                Air            14%          8%          4
 Dazzling Flash           Conj/Hex       28%          13%         3
 Corona                   Hex            3%           16%         1
 Ensorcelled Hibernation  Hex/Ice        6%           22%         2
 Confusing Touch          Hex            3%           41%         3
 Tukima's Dance           Hex            3%           41%         3


Dungeon Overview and Level Annotations

Branches:
Dungeon (5/15)             Temple (1/1) D:4

Altars:
Dithmenos
Fedhas
Gozag
Hepliaklqana
Kikubaaqudgha
Makhleb
Okawaru
Qazlal
Ru
Trog
Vehumet
Wu Jian
Yredelemnul
Zin
The Shining One


Innate Abilities, Weirdness & Mutations

You have a beak for a mouth.
You have claws for feet.
You can fly continuously.


Message History

Aim: a phantom (heavily damaged, 36% to evade)
The zap hits the phantom!
The phantom is severely damaged.
The phantom misses you.
Aiming: Shock (safe; 1% risk of failure)
Press: ? - help, Q - select action, (/) - cycle Shift-Dir - straight line, f/p - phantom
Aim: a phantom (severely damaged, 36% to evade)
The zap misses the phantom.
The phantom hits you!
* * * LOW HITPOINT WARNING * * *
The phantom blinks!
Aiming: Shock (safe; 1% risk of failure)
Press: ? - help, Q - select action, (/) - cycle Shift-Dir - straight line, f/p - phantom
Aim: a phantom (severely damaged, 36% to evade) That beam is likely to hit you.
Continue anyway?
Okay, then.
It was a potion of flight.
You feel more buoyant. The phantom hits you.
You die...

#.##.♣.##.####.#
#(.##.##.## #
#....#..##
##......##
#...(....#
#........#
##........#
##[...)....#
.....:...@...#
##.......W......#
#.####.##...##.#
#. #... ##... . #
#.... .### #.....
# ..... ##..


You could see a phantom.

Vanquished Creatures
  A phantom (D:4)
  A centaur (D:5)
  A necrophage (D:5)
  A hound (D:4)
  An orc wizard (D:4)
  Jessica (D:2)
  An iguana (D:4)
  5 worker ants
  3 adders
  An ufetubus (D:2)
  6 worms
  4 dart slugs
  4 leopard geckos
  6 orcs
  5 giant cockroaches
  5 goblins
  8 hobgoblins
  14 jackals
  7 quokkas
  6 bats
  10 frilled lizards
  14 kobolds
  9 rats
114 creatures vanquished.

Notes
Turn   | Place    | Note
-------+----------+-------------------------------------------
     0 | D:1      | Minkie the Tengu Air Elementalist began the quest for the
                  | Orb.
     0 | D:1      | Reached XP level 1. HP: 10/10 MP: 4/4
   301 | D:1      | Reached XP level 2. HP: 13/15 MP: 0/6
  1095 | D:1      | Reached XP level 3. HP: 17/19 MP: 4/7
  1949 | D:2      | Reached XP level 4. HP: 24/24 MP: 4/9
  2048 | D:2      | Found an ornate altar of the Wu Jian Council.
  2058 | D:2      | Noticed Jessica
  2067 | D:2      | Killed Jessica
  2068 | D:2      | Reached skill level 5 in Air Magic
  2623 | D:2      | Gained mutation: You can fly continuously. [Tengu growth]
  2623 | D:2      | Reached XP level 5. HP: 28/28 MP: 6/10
  3618 | D:3      | Noticed a moth of wrath
  3621 | D:3      | Found a bloodstained altar of Trog.
  4043 | D:4      | Noticed a phantom
  4142 | D:4      | Killed a phantom
  4143 | D:4      | Reached skill level 6 in Air Magic
  4143 | D:4      | Reached XP level 6. HP: 14/32 MP: 2/12
  4478 | D:4      | Reached skill level 5 in Conjurations
  4615 | D:4      | Found a staircase to the Ecumenical Temple.
  4834 | Temple   | Entered the Ecumenical Temple
  4947 | Temple   | Became a worshipper of Vehumet
  5023 | D:3      | Reached XP level 7. HP: 13/36 MP: 9/14
  5374 | D:4      | Found a blossoming altar of Fedhas.
  5547 | D:4      | Found an iron altar of Okawaru.
  5654 | D:5      | Entered Level 5 of the Dungeon
  5655 | D:5      | Found a stormy altar of Qazlal.
  5837 | D:5      | Learned a level 5 spell: Lightning Bolt
  5888 | D:5      | Reached skill level 7 in Air Magic
  6012 | D:5      | Slain by a phantom

Illustrated notes

Levels and vault maps discovered:
D:1:      evilmike_arrival_fibonacci_small, layout_basic, feat_on_display
D:2:      layout_loops_ring, nzn_wu_jian_contemplation,
          chequers_serial_rivers_room_a, uniq_jessica
D:3:      layout_basic, tgw_trog
D:4:      layout_rooms, fedhas_altar_fruit_tree, nicolae_overflow_hidden_temple,
          minmay_temple_entry_junction, minmay_crossroads
D:5:      layout_rooms, grunt_qazlal_clouds, lemuel_round_altar,
          grunt_decor_mini_mirrors
Temple:   zaba_magenta_temple

Skill      XL: |  1  2  3  4  5  6  7 |
---------------+----------------------+-----
Conjurations   | 2 3 4 5 6 |  6.0
Air Magic      | 5 6 7 |  7.2
Spellcasting   | 3 4 |  4.5
Dodging        | |  2.1
Stealth        | |  2.0

Action                   |  1- 3 |  4- 6 |  7- 9 || total
-------------------------+-------+-------+-------++-------
Melee: Spear             |    12 |     5 |       ||    17
       Kick              |     1 |     1 |       ||     2
       Short sword       |     1 |       |       ||     1
 Cast: Shock             |    91 |   182 |    36 ||   309
 Abil: Fly               |       |     1 |       ||     1
  Use: Scroll            |       |       |     2 ||     2
       Potion            |       |       |     1 ||     1
 Stab: Sleeping          |     2 |       |       ||     2
Armor: Robe              |     8 |     1 |     1 ||    10
Dodge: Dodged            |    19 |    24 |    11 ||    54
